 Dungeon Crawl Stone Soup version 0.28.0-43-g3370ac3207 (webtiles) character file.

Game seed: 4792347667937735684

3278 Faeu the Fighter (level 9, -3/74 HPs)
             Began as a Minotaur Fighter on Mar 28, 2022.
             Was a Believer of Hepliaklqana.
             Killed by divine providence
             ... invoked by an orc priest
              (11 damage)
             ... on level 8 of the Dungeon.
             The game lasted 00:35:07 (6686 turns).

Faeu the Fighter (Minotaur Fighter)                 Turns: 6686, Time: 00:35:07

Health: -3/74      AC: 11    Str: 24    XL:     9   Next: 69%
Magic:  0/8        EV: 10    Int:  5    God:    Hepliaklqana [**....]
Gold:   318        SH:  6    Dex: 11    Spells: 8/8 levels left

rFire   + . .      SeeInvis .   s - +0 flail (drain) {mace}
rCold   + . .      Faith    .   c - +0 buckler
rNeg    . . .      Spirit   +   w - +2 ring mail {rC+}
rPois   .          Reflect  .   (helmet restricted)
rElec   .          Harm     .   M - +0 cloak
rCorr   .          Rampage  .   B - +0 pair of gloves
Will    .....                   (no boots)
Stlth   +.........              J - amulet of guardian spirit
HPRegen 0.22/turn               b - ring of protection from fire
MPRegen 0.11/turn               (no ring)

@: no status effects
A: reduced essence, horns 2, retaliatory headbutt
a: Renounce Religion, Recall Ancestor, Ancestor Identity


You were on level 8 of the Dungeon.
You worshipped Hepliaklqana.
Hepliaklqana was pleased with you.
You visited 2 branches of the dungeon, and saw 9 of its levels.
You also visited: Sewer.

You collected 318 gold pieces.


Innate Abilities, Weirdness & Mutations

Your life essence is reduced to manifest your ancestor. (-10% HP)
You have a pair of horns on your head.
You reflexively headbutt those who attack you in melee.


   Skills:
 + Level 9.1 Fighting
 + Level 8.5 Long Blades
 + Level 9.0 Armour
 + Level 9.0 Shields


You had 8 spell levels left.
You didn't know any spells.
Your spell library contained the following spells:

 Spells                   Type           Power      Damage    Failure   Level
 Animate Skeleton         Necr           0%         N/A       67%         1
 Apportation              Tloc           0%         N/A       67%         1
 Foxfire                  Conj/Fire      0%         2x1d4     67%         1
 Pain                     Necr           0%         1d4       67%         1
 Corpse Rot               Necr/Air       0%         N/A       82%         2
 Poisonous Vapours        Pois/Air       0%         N/A       82%         2
 Conjure Flame            Conj/Fire      0%         6-21      96%         3
 Ignite Poison            Fire/Tmut/Pois 0%         N/A       96%         3
 Inner Flame              Hex/Fire       0%         N/A       96%         3
 Mephitic Cloud           Conj/Pois/Air  0%         N/A       96%         3
 Vampiric Draining        Necr           0%         2d6       96%         3
 Flame Wave               Conj/Fire      0%         2d4       100%        4
 Sticky Flame             Conj/Fire      0%         2d3       100%        4
 Alistair's Intoxication  Tmut/Pois      0%         N/A       100%        5
 Freezing Cloud           Conj/Ice/Air   0%         6-21      100%        5

Inventory:

Hand Weapons
 a - a +0 long sword {long}
 s - a +0 flail of draining (weapon) {mace}
   (You took it off an orc on level 5 of the Dungeon)
 F - a +4 dagger {short}
   (You found it on level 5 of the Dungeon)
Missiles
 x - 10 poisoned darts {throwing}
 E - a curare-tipped dart {=fthrowing}
 G - 3 boomerangs (quivered) {throwing}
Armour
 c - a +0 buckler (worn)
 w - a +2 ring mail of cold resistance (worn)
   (You found it on level 3 of the Dungeon)
 B - a +0 pair of gloves (worn)
   (You found it on level 5 of the Dungeon)
 M - a +0 cloak (worn)
   (You found it on level 7 of the Dungeon)
Jewellery
 b - a ring of protection from fire (left hand)
   (You found it on level 3 of the Dungeon)
 J - an amulet of guardian spirit (around neck)
   (You found it on level 6 of the Dungeon)
Wands
 A - a wand of flame (20)
   (You found it on level 5 of the Dungeon)
 L - a wand of digging (2)
   (You found it on level 7 of the Dungeon)
 N - a wand of charming (13)
   (You found it on level 7 of the Dungeon)
Scrolls
 e - 3 scrolls of identify {@r1}
 f - 2 scrolls of teleportation {@r4}
 i - a scroll of magic mapping {unknown}
 j - a scroll of immolation {unknown}
 k - a scroll of torment {unknown}
 o - a scroll of blinking {unknown}
 t - 3 scrolls of vulnerability {!r!r}
 u - 2 scrolls of fear
 v - 2 scrolls of amnesia
 y - a scroll of enchant weapon {unknown}
 D - a scroll of noise {unknown}
 H - a scroll of fog {unknown}
 I - a scroll of silence {unknown}
Potions
 d - a potion of might
 g - a potion of haste {unknown}
 h - 2 potions of attraction {!q}
 l - a potion of flight {unknown}
 m - a potion of berserk rage {unknown}
 n - 5 potions of heal wounds {@q2}
 p - a potion of magic {unknown}
 q - 2 potions of invisibility
 r - a potion of resistance {unknown}
 z - 2 potions of mutation {unknown}
 C - a potion of degeneration {unknown}
 K - 2 potions of brilliance {unknown}

Dungeon Overview and Level Annotations

Branches:
Dungeon (8/15)             Temple (1/1) D:5           Sewer (visited)
   Lair: D:8-11

Altars:
Ashenzari
Dithmenos
Elyvilon
Fedhas
Hepliaklqana
Kikubaaqudgha
Makhleb
Nemelex Xobeh
Okawaru
Qazlal
Ru
Sif Muna
Trog
Uskayaw
Vehumet
Wu Jian
Xom
Yredelemnul
Zin
The Shining One

Shops:
D:6

[ #..###.o####..≈ #.
#.....$)....#
#.##.#####o####.≈#
###...............≈#
....######o.#####≈#
#...# #..# ###...###
#..# #.......###..#
#.......@{oo.#
###.......###o##
.^.....<### #.#
....#..?# #.# .##
##### #.# #.. ###


You could see 2 orc priests and an orc.


Message History

Items here: )))) [[[ †††.
You hit the yak. You headbutt the yak, but do no damage.
The yak completely misses you. The yak closely misses you.
You furiously retaliate!
You headbutt the yak.
You kill the yak!
Your Fighting skill increases to level 9! 😮 HP[+1]
You now have 74 max hp (+1).
Things that are here:
a +0 club {mace}; an orc corpse The yak gores you but does no damage.
Items here: )))) [[[ †††.
You sock the yak! Your headbutt misses the yak. You block the yak's attack.
The yak barely misses you. 😮 HP[+1]
You hit the yak. The yak closely misses you.
The orc priest looks satisfied for a moment.
You hit the yak. The yak gores you but does no damage.
The orc priest looks encouraged for a moment. 😮 MP[+1]
You hit the yak. The yak barely misses you. You furiously retaliate!
You headbutt the yak, but do no damage.
The orc priest invokes the aid of Beogh against you.
Beogh smites you! The yak barely misses you.
The orc priest looks satisfied for a moment. 😮 HP[-10] MP[-1]
You take 10 damage, and now have 45/74 hp.
You lost 1 mp, and now have 6/8 mp.
You hit the yak. You headbutt the yak. The yak barely misses you.
You thump the yak! You drain the yak. The yak gores you!
* * * LOW HITPOINT WARNING * * *
The orc wizard mumbles some strange words.
The orc wizard flickers and vanishes!
Deactivating autopickup; reactivate with Ctrl-A.
You block the yak's attack. 😨 HP[-8] MP[-2]
You take 8 damage, and now have 37/74 hp.
You lost 2 mp, and now have 4/8 mp.
You barely miss the yak.
The yak gores you but does no damage. 😮 HP[+1]
You sock the yak! You headbutt the yak.
You kill the yak!
The orc priest calls down the wrath of Beogh upon you.
Beogh smites you!
* * * LOW HITPOINT WARNING * * *
The orc priest looks braver for a moment.
The orc priest hits you but does no damage.
Your Armour skill increases to level 9!
Your Shields skill increases to level 9! 😨 HP[-9] MP[-1]
You take 9 damage, and now have 29/74 hp.
You lost 1 mp, and now have 3/8 mp.
You hit the orc priest. The orc priest barely misses you.
You furiously retaliate!
You headbutt the orc priest, but do no damage. 😨 MP[+1]
You hit the orc priest. You drain the orc priest.
The orc priest hits you with a +0 flail.
* * * LOW HITPOINT WARNING * * *
😨 HP[-1] MP[-1]
You take 1 damage, and now have 28/74 hp.
You lost 1 mp, and now have 3/8 mp.
You closely miss the orc priest. You block the orc priest's attack.
The orc priest begins to cast a cantrip, but forgets the words! 😨 HP[+1]
You are too injured to fight recklessly!
Things that are here:
a +0 club {mace}; an orc corpse You hear some strange, mumbled words.
A magic dart appears from out of thin air!
The magic dart hits you but does no damage.
The orc priest invokes the aid of Beogh against you.
Beogh smites you!
* * * LOW HITPOINT WARNING * * *
Things that are here:
a +0 club {mace}; an orc corpse; 😱 HP[-11] MP[-1]
You take 11 damage, and now have 18/74 hp.
You lost 1 mp, and now have 2/8 mp.
You miss something. Something hits you but does no damage.
The orc priest calls upon Beogh to heal the orc priest.
The orc priest is healed somewhat.
Something hits you but does no damage. 😨 HP[+1]
You hit something but do no damage. Something hits you but does no damage.
You miss something. Something hits you but does no damage.
The orc priest casts a cantrip, but nothing happens.
Something hits you but does no damage. 😨 MP[+1]
You barely miss something.
The orc priest invokes the aid of Beogh against you.
Beogh smites you!
* * * LOW HITPOINT WARNING * * *
Something hits you.
* * * LOW HITPOINT WARNING * * *
😱 HP[-11] MP[-2]
You take 11 damage, and now have 8/74 hp.
You lost 2 mp, and now have 1/8 mp.
You miss something.
The orc priest invokes the aid of Beogh against you.
Beogh smites you!
You die...

Skill      XL: |  1  2  3  4  5  6  7  8  9 |
---------------+----------------------------+-----
Fighting       | 4 5 6 7 9 |  9.1
Armour         | 4 5 6 7 9 |  9.0
Shields        | 4 5 6 7 9 |  9.0
Long Blades    | 3 4 5 7 8 |  8.5

Action                   |  1- 3 |  4- 6 |  7- 9 || total
-------------------------+-------+-------+-------++-------
Melee: Long sword        |    63 |   163 |    74 ||   300
       Headbutt          |    10 |    18 |    53 ||    81
       Flail             |       |       |   134 ||   134
       Dagger            |       |       |    14 ||    14
Throw: Dart              |       |       |     4 ||     4
       Boomerang         |       |       |     1 ||     1
Invok: Ancestor Life: Ba |       |       |     1 ||     1
       Ancestor Identity |       |       |     1 ||     1
  Use: Scroll            |       |       |     7 ||     7
 Stab: Distracted        |       |       |     3 ||     3
Armor: Scale mail        |    37 |    69 |       ||   106
       Ring mail         |       |    19 |   100 ||   119
Dodge: Dodged            |    35 |    93 |    74 ||   202
Block: Buckler           |    11 |    30 |    56 ||    97

Levels and vault maps discovered:
D:1:      minmay_arrival_five_plusses, layout_rooms,
          shapermc_ecumenical_altar_totnotflames
D:2:      layout_loops_ring, basic_altar, minmay_misc_feat_ornament,
          kennysheep_generic_room_15, uniq_jessica
D:3:      layout_basic, portal_sewer_entry_b
D:4:      layout_cave_pools, minmay_unequal, uniq_menkaure
D:5:      minmay_general_purpose_star, layout_cave_pools, temple_pool_b,
          minmay_mini_ossuary
D:6:      cheibrodos_helix_gallery, layout_loops_ring, serial_shops, shop,
          uniq_eustachio
D:7:      layout_gridville
D:8:      layout_loops_ring, water_maze_lemuel, uniq_gastronok
Temple:   mainiacjoe_temple_hex_bubbles

Notes
Turn   | Place    | Note
-------+----------+-------------------------------------------
     0 | D:1      | Faeu the Minotaur Fighter began the quest for the Orb.
     0 | D:1      | Reached XP level 1. HP: 19/19 MP: 0/0
     0 | D:1      | magus.rc [v1.9.6]
   292 | D:1      | Reached XP level 2. HP: 22/27 MP: 1/1
   369 | D:1      | Found a faded altar of an unknown god.
   500 | D:1      | You add the spells Ignite Poison, Mephitic Cloud and
                  | Freezing Cloud to your library.
   588 | D:1      | Reached skill level 4 in Fighting
   601 | D:1      | Reached skill level 4 in Armour
   601 | D:1      | Reached skill level 4 in Shields
   758 | D:2      | Reached skill level 3 in Long Blades
   758 | D:2      | Reached XP level 3. HP: 33/33 MP: 2/2
   847 | D:2      | Found a sacrificial altar of Ru.
   911 | D:2      | You pick up a book of Necromancy and begin reading...
   911 | D:2      | You add the spells Pain, Animate Skeleton and Vampiric
                  | Draining to your library.
  1070 | D:2      | Noticed Jessica
  1076 | D:2      | Killed Jessica
  1077 | D:2      | Reached XP level 4. HP: 38/41 MP: 3/3
  1571 | D:3      | Found a glowing drain.
  1604 | Sewer    | Entered a sewer
  1815 | Sewer    | Reached XP level 5. HP: 47/47 MP: 4/4
  2090 | Sewer    | Reached skill level 4 in Long Blades
  2193 | Sewer    | Reached skill level 5 in Fighting
  2193 | Sewer    | Reached skill level 5 in Armour
  2193 | Sewer    | Reached skill level 5 in Shields
  2193 | Sewer    | Reached XP level 6. HP: 51/56 MP: 5/5
  2426 | D:3      | You add the spells Conjure Flame and Sticky Flame to your
                  | library.
  2909 | D:3      | You pick up a book of Party Tricks and begin reading...
  2909 | D:3      | You add the spells Apportation and Alistair's Intoxication
                  | to your library.
  3168 | D:4      | You pick up a book of Flames and begin reading...
  3168 | D:4      | You add the spells Foxfire, Inner Flame and Flame Wave to
                  | your library.
  3192 | D:4      | Reached XP level 7. HP: 48/62 MP: 6/6
  3413 | D:4      | Reached skill level 5 in Long Blades
  3448 | D:4      | Noticed Menkaure
  3450 | D:4      | magus.rc [v1.9.6]
  3456 | D:4      | Killed Menkaure
  3457 | D:4      | Reached skill level 6 in Fighting
  3457 | D:4      | Reached skill level 6 in Armour
  3457 | D:4      | Reached skill level 6 in Shields
  3676 | D:5      | Entered Level 5 of the Dungeon
  3681 | D:5      | Found a staircase to the Ecumenical Temple.
  3691 | Temple   | Entered the Ecumenical Temple
  3849 | Temple   | Became a worshipper of Hepliaklqana the Forgotten
  3884 | D:5      | Identified the +0 robe of the Trout {Slay+3}
  4443 | D:5      | Reached XP level 8. HP: 71/71 MP: 7/7
  4458 | D:5      | Reached skill level 6 in Long Blades
  4828 | D:5      | You pick up a book of Vapours and begin reading...
  4828 | D:5      | You add the spells Poisonous Vapours and Corpse Rot to your
                  | library.
  4944 | D:5      | Reached skill level 7 in Fighting
  4944 | D:5      | Reached skill level 7 in Shields
  4997 | D:6      | Reached skill level 7 in Armour
  5273 | D:6      | Reached skill level 7 in Long Blades
  5417 | D:6      | Noticed Eustachio
  5418 | D:6      | magus.rc [v1.9.6]
  5441 | D:6      | Killed Eustachio
  5442 | D:6      | Reached XP level 9. HP: 71/81 MP: 6/8
  5499 | D:6      | Reached skill level 8 in Fighting
  5533 | D:6      | Reached * piety under Hepliaklqana
  5766 | D:6      | Found Reoruonn's Armour Boutique.
  5782 | D:6      | Reached skill level 8 in Shields
  5785 | D:6      | Reached skill level 8 in Armour
  5947 | D:7      | Paralysed by a hornet for 2 turns
  6292 | D:7      | Reached skill level 8 in Long Blades
  6595 | D:7      | Reached ** piety under Hepliaklqana
  6596 | D:7      | Remembered your ancestor Ramose as a battlemage
  6666 | D:8      | Reached skill level 9 in Fighting
  6676 | D:8      | Reached skill level 9 in Armour
  6676 | D:8      | Reached skill level 9 in Shields
  6681 | D:8      | HP: 18/74 [orc priest/divine providence (11)]
  6685 | D:8      | HP: 8/74 [something (1)]
  6686 | D:8      | Killed from afar by an orc priest

Vanquished Creatures
  2 yaks (D:8)
  Eustachio (D:6)
  A steam dragon (D:7)
  Menkaure (D:4)
  2 ogres
  An orc warrior (D:5)
  A sky beast (D:7)
  2 ice beasts
  A black bear (D:7)
  A centaur (D:6)
  2 kobold brigands
  A phantom (D:6)
  2 bullfrogs (D:6)
  A scorpion (D:5)
  3 killer bees (D:4)
  2 centaur zombies (D:5)
  2 hounds (D:4)
  2 bullfrog skeletons
  2 orc priests (D:4)
  2 centaur skeletons
  Jessica (D:2)
  3 orc wizards
  2 killer bee zombies
  A mummy (D:5)
  13 adders
  3 river rats (Sewer)
  2 shadow imps (D:6)
  4 worms
  4 dart slugs
  16 orcs
  8 bats
  9 endoplasms
  5 giant cockroaches
  3 hobgoblins
  6 jackals
  2 quokkas (D:1)
  7 ball pythons
  5 frilled lizards
  4 goblins
  2 hobgoblin zombies (D:5)
  13 kobolds
  A kobold zombie (D:5)
  An orc zombie (D:5)
  10 rats
157 creatures vanquished.

Vanquished Creatures (collateral kills)
  A hornet (D:7)
  A yak (D:8)
  A black bear (D:7)
  An ogre (D:7)
  A phantom (D:6)
  An orc priest (D:8)
  3 orcs (D:8)
9 creatures vanquished.

Vanquished Creatures (others)
  A battlemage (D:8)
1 creature vanquished.

Grand Total: 167 creatures vanquished

Table legend:
 A = Non-vault XP
 B = Vault XP
 C = Vault XP percentage of total XP
 D = Non-vault monster count
 E = Vault monster count
 F = Vault count percentage of total count
                 A         B        C        D         E       F
            +---------+---------+-------+---------+---------+-------
      Total |    3649 |    1035 |  22.1 |     120 |      46 |  27.7
            +---------+---------+-------+---------+---------+-------
        D:1 |      32 |       0 |   0.0 |      23 |       0 |   0.0
        D:2 |      70 |      38 |  35.2 |      16 |       2 |  11.1
        D:3 |      39 |      12 |  23.5 |      14 |       6 |  30.0
        D:4 |     368 |     204 |  35.7 |      16 |       3 |  15.8
        D:5 |     616 |     162 |  20.8 |      18 |       7 |  28.0
        D:6 |     806 |     387 |  32.4 |      12 |       3 |  20.0
        D:7 |    1015 |       0 |   0.0 |       8 |       0 |   0.0
        D:8 |     703 |       0 |   0.0 |      13 |       0 |   0.0
      Sewer |       0 |     232 | 100.0 |       0 |      25 | 100.0
            +---------+---------+-------+---------+---------+-------

Illustrated notes

Table legend:
 A = Kills in this place as a percentage of kills in entire the game.
 B = Kills by you in this place as a percentage of kills by you in the entire game.
 C = Kills by friends in this place as a percentage of kills by friends in the entire game.
 D = Other kills in this place as a percentage of other kills in the entire game.
 E = Experience gained in this place as a percentage of experience gained in the entire game.
 F = Experience gained in this place divided by the number of levels of this place that you have seen.
                   A       B       C       D       E      F
               +-------+-------+-------+-------+-------+----------------------
         Total | 100.0 | 100.0 | 100.0 |   N/A | 100.0 | 468.4
       Dungeon |  84.9 |  84.1 | 100.0 |   N/A |  95.0 | 556.5
         Sewer |  15.1 |  15.9 |   0.0 |   N/A |   5.0 | 232.0
               +-------+-------+-------+-------+-------+----------------------

Table legend: (Time is in decaauts)
 A = Elapsed time spent in this place.
 B = Non-inter-level travel time spent in this place.
 C = Inter-level travel time spent in this place.
 D = Time resting spent in this place.
 E = Time spent auto-exploring this place.
 F = Levels seen in this place.
 G = Mean time per level.
                   A        B        C        D        E       F      G
               +--------+--------+--------+--------+--------+-----+--------+
         Total |   6918 |   6683 |    235 |    518 |   3676 |  10 |  691.8 |
       Dungeon |   5898 |   5684 |    214 |    393 |   3183 |   8 |  737.2 |
        Temple |    187 |    166 |     21 |      0 |    139 |   1 |  187.0 |
         Sewer |    832 |    832 |      0 |    125 |    354 |   1 |  832.0 |
               +--------+--------+--------+--------+--------+-----+--------+

Top non-repeatable levels by time:
     D:5: 1107 daAuts
     D:6: 909 daAuts
   Sewer: 832 daAuts
     D:7: 789 daAuts
     D:3: 771 daAuts
     D:2: 767 daAuts
     D:1: 762 daAuts
     D:4: 705 daAuts
  Temple: 187 daAuts
     D:8: 85 daAuts
